 Dungeon Crawl Stone Soup version 0.31-a0-667-g39726597b9 (webtiles) character file.

Game seed: 10588383791688943331

22 Bravepunisher the Ducker (level 2, 0/16 HPs)
             Began as a Spriggan Monk on Sept 3, 2023.
             Killed by nerve-wracking pain
             ... invoked by Grinder
              (6 damage)
             ... on level 5 of the Dungeon.
             The game lasted 00:02:24 (341 turns).

Bravepunisher the Ducker (Spriggan Monk)             Turns: 341, Time: 00:02:25

Health: 0/16       AC:  2    Str:  7    XL:     2   Next: 68%
Magic:  3/3        EV: 19    Int: 11    God:
Gold:   7          SH:  0    Dex: 17    Spells: 1/1 levels left

rFire   . . .        a - +0 short sword
rCold   . . .        d - orb {light}
rNeg    . . .        b - +0 robe
rPois   .            (helmet restricted)
rElec   .            (no cloak)
rCorr   .            (gloves unavailable)
SInv    +            (boots unavailable)
Will    .....        (no amulet)
Stlth   +            (no ring)
HPRegen 0.22/turn    (no ring)
MPRegen 0.08/turn

%: no passive effects
@: glowing, very quick
A: very small, no large weapons, unfitting armour, see invisible, speed 3
a: no special abilities


You were on level 5 of the Dungeon.
You visited 1 branch of the dungeon, and saw 5 of its levels.

You collected 7 gold pieces.

Inventory:

Hand Weapons
 a - a +0 short sword (weapon)
Armour
 b - a +0 robe (worn)
 d - an orb of light (worn)
Jewellery
 f - a +5 ring of evasion
Wands
 e - a wand of digging (5)
Potions
 c - a potion of ambrosia


   Skills:
 + Level 2.7 Fighting
 - Level 3.2 Short Blades
 * Level 5.0 Dodging


You had one spell level left.
You didn't know any spells.
Your spell library was empty.

Dungeon Overview and Level Annotations

Branches:
Dungeon (5/15)
 Temple: D:4-7

Altars:

Annotations:
D:2 Terence
D:4 Blork the orc
D:5 Grinder, Sigmund


Innate Abilities, Weirdness & Mutations

You are very small and have problems with some larger weapons.
You are too small for most types of armour.
You have supernaturally acute eyesight. (SInv)
You cover ground extremely quickly. (Speed+++)


Message History

Found 6 gold pieces.
You see here a wand of digging (5).
e - a wand of digging (5)
You see here 6 gold pieces.
Found 9 gold pieces.
Found 13 gold pieces.
An orc priest comes into view. It is wielding a +0 dagger.
The orc priest shouts!
You hear a shout!
An orc comes into view. It is wielding a +0 dagger.
The orc shouts!
You hear a shout!
You hear a distant slurping noise.
The orc priest miscasts a cantrip.
An orc wizard and an orc come into view.
The orc wizard shouts!
The orc shouts!
The orc wizard casts a spell at you.
You are confused.
Found a runed cabochon ring.
The orc hits you with a +0 dagger.
You feel less confused.
You see here a +5 ring of evasion.
f - a +5 ring of evasion
Found a dagger.
Found a sedimented pink potion.
Grinder comes into view.
Grinder says, "Just stop there for a second..."
A jelly comes into view.
Grinder gestures at you.
You suddenly lose the ability to move!
Grinder blinks!
The jelly hits you.
You are splashed with acid!
Ouch! That really hurt!
You can move again.
Unknown command.
Sigmund and an ogre come into view.
The ogre shouts!
You hear a shout!
The jelly completely misses you.
Grinder says, "FISH!"
Grinder gestures at you. Pain shoots through your body!
You die...
Grinder says, "Now the real fun starts!"

.######### ..........
....... .@.. #
#######.#############
#
#........O...........
#
#........J..5........
#
#....................
#
#............@.......
#
##....############...
# #....# + +....# #
#....# # #.!..#
#####....# .......###
.......#


You could see Grinder, an ogre, Sigmund and a jelly.

Vanquished Creatures
  An adder (D:3)
  An orc (D:3)
  A ball python (D:3)
  A bat (D:1)
  A hobgoblin (D:2)
  4 jackals (D:3)
  A frilled lizard (D:3)
  A goblin (D:3)
11 creatures vanquished.

Notes
Turn   | Place    | Note
-------+----------+-------------------------------------------
     0 | D:1      | Bravepunisher the Spriggan Monk began the quest for the
                  | Orb.
     0 | D:1      | Reached XP level 1. HP: 11/11 MP: 2/2
   102 | D:2      | Noticed Terence
   184 | D:3      | Reached XP level 2. HP: 16/16 MP: 3/3
   237 | D:3      | Reached skill level 5 in Dodging
   263 | D:4      | Noticed Blork the orc
   263 | D:4      | Noticed a scorpion
   266 | D:5      | Entered Level 5 of the Dungeon
   330 | D:5      | Noticed Grinder
   332 | D:5      | Paralysed by Grinder for 3 turns
   336 | D:5      | Noticed Sigmund
   336 | D:5      | Noticed an ogre
   341 | D:5      | Killed from afar by Grinder

Illustrated notes

Levels and vault maps discovered:
D:1:      minmay_arrival_shoal_huts, layout_basic, serial_curves,
          eino_curves_03, eino_curves_04, eino_curves_02, eino_curves_01,
          dreamdust_ecumenical_altar_angels_and_demons, minmay_small_reverse_x
D:2:      layout_basic, uniq_terence
D:3:      layout_loops_ring, cheibrodos_sewer_entry_drain, serial_shops, shop
D:4:      layout_rooms, uniq_eustachio, uniq_blork_the_orc, uniq_pikel
D:5:      wander_river, layout_gridville, kennysheep_flooded_box, uniq_grinder,
          uniq_menkaure, uniq_sigmund

Skill      XL: |  1  2 |
---------------+-------+-----
Dodging        | 5 |  5.0
Fighting       | |  2.7
Short Blades   | |  3.2

Action                     || total
---------------------------++-------
  Melee: Short sword       ||    59
 Armour: Robe              ||    20
  Dodge: Dodged            ||    53

Table legend: (Time is in decaauts)
 A = Elapsed time spent in this place.
 B = Non-inter-level travel time spent in this place.
 C = Inter-level travel time spent in this place.
 D = Time resting spent in this place.
 E = Time spent auto-exploring this place.
 F = Levels seen in this place.
 G = Mean time per level.
                   A        B        C        D        E       F      G
               +--------+--------+--------+--------+--------+-----+--------+
         Total |    229 |    229 |      0 |      0 |     47 |   5 |   45.8 |
       Dungeon |    229 |    229 |      0 |      0 |     47 |   5 |   45.8 |
               +--------+--------+--------+--------+--------+-----+--------+

Top non-repeatable levels by time:
     D:3: 109 daAuts
     D:2: 54 daAuts
     D:5: 47 daAuts
     D:1: 16 daAuts
     D:4: 2 daAuts
